 Dungeon Crawl Stone Soup version 0.19-a0-503-g45a6586 (webtiles) character file.

234 st0uf the Charmwright (level 5, 0/45 HPs)
             Began as a Draconian Skald on June 5, 2016.
             Killed by divine providence
             ... invoked by an orc priest
              (10 damage)
             ... on level 3 of the Dungeon.
             The game lasted 00:08:14 (2304 turns).

st0uf the Charmwright (Draconian Skald)             Turns: 2304, Time: 00:08:15

Health: 0/45       AC:  5    Str: 21    XL:     5   Next: 75%
Magic:  8/8        EV: 12    Int: 17    God:
Gold:   116        SH:  2    Dex: 10    Spells: 3 memorised, 3 levels left

rFire  . . .     SeeInvis .     a - +0 mace
rCold  . . .     Gourm    .     (armour unavailable)
rNeg   . . .     Faith    .     (no shield)
rPois  .         Spirit   .     (helmet restricted)
rElec  .         Dismiss  .     (no cloak)
rCorr  .         Reflect  +     (no gloves)
SustAt .         Harm     .     (no boots)
MR     .....                    w - +2 amulet of reflection
Stlth  +.........               o - +5 ring of intelligence
                                d - +5 ring of strength

@: drained, not resistant to hostile enchantments, very unstealthy
A: unfitting armour, cold-blooded, AC +5
a: no special abilities


You were on level 3 of the Dungeon.
You were not hungry.

You visited 1 branch of the dungeon, and saw 3 of its levels.

You collected 116 gold pieces.

Inventory:

Hand Weapons
 a - a +0 mace (weapon)
Jewellery
 d - a +5 ring of strength (left hand)
 i - an uncursed amulet of harm
 o - a +5 ring of intelligence (right hand)
 w - a +2 amulet of reflection (around neck)
Wands
 n - a wand of flame (26/48)
Scrolls
 e - 3 scrolls of blinking {unknown}
 h - a scroll of random uselessness {unknown}
 j - 4 scrolls of remove curse {unknown}
 k - a scroll of enchant armour {unknown}
 m - 2 scrolls of identify {unknown}
 p - a scroll of teleportation {unknown}
 q - a scroll of immolation {unknown}
 s - a scroll of noise {unknown}
 t - a scroll of fear {unknown}
Potions
 g - 2 potions of heal wounds {unknown}
 l - a potion of ambrosia {unknown}
 r - a potion of resistance {unknown}
 u - a potion of lignification {unknown}
Books
 b - a book of Battle

   Spells                             Type                      Level
   a - Infusion                       Charms                       1
   b - Shroud of Golubria             Charms/Translocation         2
   c - Song of Slaying                Charms                       2
   d - Spectral Weapon                Hexes/Charms                 3
   e - Regeneration                   Charms/Necromancy            3
Comestibles
 c - 2 bread rations
 f - a meat ration
 v - 2 chunks of flesh


   Skills:
 + Level 3.1(2.0) Fighting
 + Level 3.3(2.2) Maces & Flails
 + Level 3.4(2.3) Dodging
 - Level 2.0(0.9) Spellcasting
 + Level 3.7(2.6) Charms
 + Level 0.2(0.0) Translocations


You had 3 spell levels left.
You knew the following spells:

 Your Spells              Type           Power        Failure   Level  Hunger
a - Infusion              Chrm           #...         10%         1    ##.....
b - Song of Slaying       Chrm           #.......     14%         2    ###....
c - Shroud of Golubria    Chrm/Tloc      #.........   21%         2    ###....


Dungeon Overview and Level Annotations

Branches:
Dungeon (3/15)

Altars:
Fedhas
Kikubaaqudgha
Makhleb
Ru


Innate Abilities, Weirdness & Mutations

Your plain brown scales are hard. (AC +5)
Your body does not fit into most forms of armour.
You are cold-blooded and may be slowed by cold attacks.


Message History

You barely miss the orc. You tail-slap the orc.
The orc is heavily wounded.
The orc priest mumbles some strange prayers to Beogh against you.
Beogh smites you! The hobgoblin hits you with a club.
The orc hits you with a hand axe.
The orc priest calls upon Beogh to heal the orc.
The orc's wounds heal themselves!
An orc priest comes into view.
The orc priest shouts!
You hit the orc.
The orc is severely wounded.
The hobgoblin closely misses you. The orc misses you.
You hit the orc but do no damage.
Your tail-slap misses the orc.
The orc is severely wounded.
The hobgoblin hits you but does no damage.
The orc hits you with a hand axe!
* * * LOW HITPOINT WARNING * * *
The orc priest mumbles some strange prayers to Beogh against you.
Beogh smites you!
You die...

... #.. ..
##.###################
..
......................
..##
#.......#.##########
..g# #......)#.# #g#
##......#.# #.#
#.######.# #.#
#..#####.# #.#
##@#.....# ##.#
#goo....# ...#
##.o....# ...#
#......# ...#
##....... ...# .#.o...
.#.# .#..... .#.# .#
.... .#.# .. ...


You could see 2 orc priests, an orc wizard, an orc and a hobgoblin.

Vanquished Creatures
  A phantom (D:3)
  Robin (D:3)
  5 adders
  2 oozes (D:2)
  A giant gecko (D:1)
  3 orcs (D:3)
  A ball python (D:2)
  11 bats
  2 giant cockroaches
  14 goblins
  9 hobgoblins
  5 jackals
  7 kobolds
  4 giant newts
  5 rats
71 creatures vanquished.

Notes
Turn   | Place    | Note
--------------------------------------------------------------
     0 | D:1      | st0uf the Draconian Skald began the quest for the Orb.
     0 | D:1      | Reached XP level 1. HP: 17/17 MP: 3/3
   316 | D:1      | Reached XP level 2. HP: 25/25 MP: 1/5
   852 | D:2      | Found a sacrificial altar of Ru.
   900 | D:2      | Reached XP level 3. HP: 30/30 MP: 6/6
   919 | D:2      | Learned a level 2 spell: Song of Slaying
   922 | D:2      | Learned a level 2 spell: Shroud of Golubria
   939 | D:2      | Found a blossoming altar of Fedhas.
  1229 | D:2      | Found an ancient bone altar of Kikubaaqudgha.
  1341 | D:2      | Reached XP level 4. HP: 37/37 MP: 7/7
  1774 | D:2      | Found a burning altar of Makhleb.
  1971 | D:3      | Noticed a phantom
  1994 | D:3      | Killed a phantom
  1994 | D:3      | Reached XP level 5. HP: 35/45 MP: 8/8
  2006 | D:3      | Noticed Robin
  2043 | D:3      | Killed Robin
  2304 | D:3      | Killed from afar by an orc priest

Vault maps used:
D:1:      dpeg_arrival_pits, serial_bayou_pond_d, kennysheep_doodads
D:2:      grunt_temple_overflow_growth_and_decay, hangedman_ru_absence,
          marbit_many_paths
D:3:      uniq_robin

Skill      XL: |  1  2  3  4 |
---------------+-------------+-----
Charms         | 3 |  3.7
Dodging        | 2 3 |  3.4
Fighting       | 3 |  3.1
Maces & Flails | 3 |  3.3
Spellcasting   | |  2.0
Translocations | |  0.2

Action                   |  1- 3 |  4- 6 || total
-------------------------+-------+-------++-------
Melee: Mace              |   132 |    95 ||   227
       Tailslap          |    10 |    10 ||    20
 Cast: Infusion          |     8 |     3 ||    11
       Shroud of Golubri |     1 |     1 ||     2
       Song of Slaying   |       |     1 ||     1
 Stab: Sleeping          |     1 |       ||     1
  Eat: Chunk             |     2 |     3 ||     5
Armor: Skin              |    61 |    35 ||    96
Dodge: Dodged            |    96 |    79 ||   175
